 Dungeon Crawl Stone Soup version 0.28-a0-1389-gc726bef33b (webtiles) character file.

Game seed: 5842918471218188262

264723 Kebab the Earth Mage (level 19, -3/110 HPs)
             Began as a Deep Elf Conjurer on Jan 3, 2022.
             Was the Champion of Vehumet.
             Slain by a ghost moth (6 damage)
             ... on level 1 of the Spider Nest.
             The game lasted 03:04:45 (58504 turns).

Kebab the Earth Mage (Deep Elf Conjurer)           Turns: 58504, Time: 03:04:46

Health: -3/110     AC: 14    Str:  4      XL:     19   Next: 66%
Magic:  0/43       EV: 10    Int: 38 (39) God:    Vehumet [******]
Gold:   504        SH:  0    Dex: 14 (16) Spells: 2/54 levels left

rFire   + + .      SeeInvis +   I - staff of earth
rCold   + . .      Faith    .   n - +2 buckler
rNeg    . . .      Spirit   .   u - +2 robe {rC+}
rPois   +          Reflect  .   Q - +0 helmet "Qujeohyl" {rElec rCorr Int+3}
rElec   +          Harm     .   w - +2 cloak
rCorr   +          Rampage  .   a - +2 pair of gloves
Will    +++..                   j - +2 pair of boots {rF+}
Stlth   +++.......              d - amulet of a Thousand Geomancers {RegenMP rCorr Dex-3 SInv}
HPRegen 0.28/turn               s - ring "Asod" {rF+ Will++ Int+4 Dex+6}
MPRegen 0.68/turn               Y - ring of poison resistance

@: about to teleport, held, studying Hexes, invisible
A: no striking features
}: 1/15 runes: serpentine
a: Renounce Religion


You were on level 1 of the Spider Nest.
You worshipped Vehumet.
Vehumet was exalted by your worship.
You visited 6 branches of the dungeon, and saw 32 of its levels.
You also visited: Ossuary, Bailey and Gauntlet.

You collected 4658 gold pieces.
You spent 4154 gold pieces at shops.

Inventory:

Hand Weapons
 g - the +6 dagger "Xuheceo" {freeze, rF++ rN+ Str+2}
   (You found it on level 3 of the Elven Halls)

   It freezes those it strikes, dealing additional cold damage.
   It can also slow down cold-blooded creatures.
   Str:       It affects your strength (+2).
   rF:        It greatly protects you from fire.
   rN:        It protects you from negative energy.
Missiles
 v - 3 throwing nets
 H - 29 curare-tipped darts
 J - 11 atropa-tipped darts
Armour
 a - a +2 pair of gloves (worn)
 j - a +2 pair of boots of fire resistance (worn)
 n - a +2 buckler (worn)
 u - a +2 robe of cold resistance (worn)
 w - a +2 cloak (worn)
 F - a +1 robe of positive energy
 Q - the +0 helmet "Qujeohyl" (worn) {rElec rCorr Int+3}
   (You found it in a Gauntlet)

   Int:       It affects your intelligence (+3).
   rElec:     It insulates you from electricity.
   rCorr:     It protects you from acid and corrosion.
Magical Staves
 I - a staff of earth (weapon)
Jewellery
 b - an amulet of reflection
 d - the amulet of a Thousand Geomancers (around neck) {RegenMP rCorr Dex-3 SInv}
   (You took it off a deep elf annihilator on level 3 of the Elven Halls)

   [amulet of magic regeneration]

   It increases your rate of magic regeneration.
   Dex:       It affects your dexterity (-3).
   SInv:      It lets you see invisible.
   rCorr:     It protects you from acid and corrosion.
 m - a ring of protection from fire
 s - the ring "Asod" (left hand) {rF+ Will++ Int+4 Dex+6}
   (You bought it in a shop on level 3 of the Snake Pit)

   [ring of dexterity]

   Int:       It affects your intelligence (+4).
   Dex:       It affects your dexterity (+6).
   rF:        It protects you from fire.
   Will:      It greatly increases your willpower.
 D - a ring of see invisible
 G - an amulet of the acrobat
 N - a +4 ring of protection
 P - a +6 ring of intelligence
 R - a ring of resist corrosion
 T - an amulet of magic regeneration
 Y - a ring of poison resistance (right hand)
Wands
 h - a wand of flame (54)
 t - a wand of paralysis (38)
 z - a wand of acid (14)
 B - a wand of iceblast (32)
 O - a wand of mindburst (31)
 Z - a wand of digging (5)
Scrolls
 f - 8 scrolls of immolation
 o - 6 scrolls of identify
 r - 13 scrolls of teleportation
 y - 2 scrolls of summoning
 A - a scroll of fear
 C - 4 scrolls of fog
 W - 2 scrolls of magic mapping
Potions
 c - 7 potions of flight
 e - a potion of magic
 i - 3 potions of ambrosia
 k - 3 potions of resistance
 l - 13 potions of curing
 p - 5 potions of lignification
 q - 4 potions of invisibility
 x - 3 potions of heal wounds
 E - 7 potions of mutation
 L - 6 potions of brilliance
 S - 5 potions of haste
 U - 3 potions of cancellation
 V - 4 potions of might
Miscellaneous
 K - a tin of tremorstones (2/2)
 M - a box of beasts
 X - a phantom mirror


   Skills:
 - Level 9.0 Fighting
 - Level 14.1 Dodging
 - Level 7.1 Stealth
 - Level 4.0 Shields
 - Level 18.4 Spellcasting
 - Level 19.3 Conjurations
 - Level 7.0 Hexes
 - Level 5.0 Summonings
 - Level 5.5 Translocations
 - Level 12.0 Ice Magic
 - Level 3.0 Air Magic
 + Level 20.2 Earth Magic
 - Level 6.1 Evocations


You had 2 spell levels left.
You knew the following spells:

 Your Spells              Type           Power      Damage    Failure   Level
a - Magic Dart            Conj           100%       1d8       0%          1
b - Spellforged Servitor  Conj/Summ      45%        N/A       1%          7
c - Ozocubu's Refrigerat  Ice            45%        4d14      1%          7
d - Fulminant Prism       Conj/Hex       47%        3d21      1%          4
e - Iskenderun's Mystic   Conj/Tloc      92%        2d18      1%          4
f - Shatter               Erth           68%        3d50*     6%          9
g - Freezing Cloud        Conj/Ice/Air   44%        6-21      1%          5
i - Iron Shot             Conj/Erth      67%        9d12      1%          6
j - Passage of Golubria   Tloc           67%        N/A       1%          4
k - Lee's Rapid Deconstr  Erth           68%        3d32*     0%          5

Your spell library contained the following spells:

 Spells                   Type           Power      Damage    Failure   Level
 Chain Lightning          Conj/Air       44%        3d58      88%         9
 Ignition                 Fire           17%        3d7       100%        8
 Shock                    Conj/Air       100%       1d9       0%          1
 Searing Ray              Conj           100%       2d8       0%          2
 Blink                    Tloc           100%       N/A       1%          2
 Call Imp                 Summ           65%        N/A       1%          2
 Ensorcelled Hibernation  Hex/Ice        100%       N/A       1%          2
 Sublimation of Blood     Necr           34%        N/A       1%          2
 Wereblood                Tmut           34%        N/A       1%          2
 Dazzling Flash           Conj/Hex       100%       N/A       0%          3
 Frozen Ramparts          Ice            100%       1d12      0%          3
 Stone Arrow              Conj/Erth      100%       3d13      0%          3
 Hailstorm                Conj/Ice       100%       3d20      0%          4
 Iskenderun's Battlesphe  Conj           100%       2d15      0%          5
 Conjure Flame            Conj/Fire      83%        6-21      1%          3
 Ignite Poison            Fire/Tmut/Pois 34%        N/A       1%          3
 Lesser Beckoning         Tloc           67%        N/A       1%          3
 Mephitic Cloud           Conj/Pois/Air  75%        N/A       1%          3
 Tukima's Dance           Hex            73%        N/A       1%          3
 Animate Armour           Summ/Erth      100%       N/A       1%          4
 Ice Form                 Ice/Tmut       69%        N/A       1%          4
 Petrify                  Tmut/Erth      100%       N/A       1%          4
 Sticky Flame             Conj/Fire      83%        2d9       1%          4
 Summon Ice Beast         Ice/Summ       79%        N/A       1%          4
 Borgnjor's Vile Clutch   Necr/Erth      53%        N/A       1%          5
 Irradiate                Conj/Tmut      41%        3d27      1%          5
 Yara's Violent Unravell  Hex/Tmut       29%        3d12      1%          5
 Starburst                Conj/Fire      41%        6d12      1%          6
 Lehudib's Crystal Spear  Conj/Erth      67%        10d15     1%          8
 Spider Form              Tmut/Pois      34%        N/A       2%          3
 Manifold Assault         Tloc           67%        N/A       2%          5
 Silence                  Hex/Air        32%        N/A       3%          5
 Animate Dead             Necr           17%        N/A       9%          4
 Simulacrum               Ice/Necr       34%        N/A       11%         6
 Blade Hands              Tmut           17%        N/A       24%         5
 Enfeeble                 Hex            36%        N/A       36%         7
 Summon Hydra             Summ           32%        N/A       67%         7
 Death Channel            Necr           17%        N/A       78%         6
 Storm Form               Tmut/Air       23%        N/A       98%         7
 Dragon's Call            Summ           32%        N/A       100%        9


Dungeon Overview and Level Annotations

Branches:
Dungeon (15/15)            Temple (0/1) D:7            Lair (6/6) D:8
  Snake (4/4) Lair:4       Spider (2/4) Lair:2        Slime (0/5) Lair:5
    Orc (2/2) D:9             Elf (3/3) Orc:2        Vaults (0/5) D:13
 Depths (0/4) D:15        Ossuary (visited)          Bailey (visited)
Gauntlet (visited)

Altars:
Ashenzari
Cheibriados
Elyvilon
Fedhas
Kikubaaqudgha
Makhleb
Nemelex Xobeh
Ru
Sif Muna
Trog
Vehumet
Yredelemnul
Zin
The Shining One
Jiyva

Shops:
D:3 (   D:7 [   D:9 ?   D:10 !   D:12 !   D:14 *   Orc:1 :   Orc:2 [:[*
Elf:1 *[(=   Elf:3 [   Snake:3 =

Annotations:
Elf:2 3 runed translucent doors


Message History

You block the ghost moth's attack. The jumping spider pounces on you.
The jumping spider barely misses you.
The jumping spider leaps!
The ghost moth stares at you.
You feel your power leaking away.
The ghost moth misses you. x2; The ghost moth stings you!
You swap places.
The ghost moth stares at you.
The ghost moth hits you but does no damage.
The ghost moth closely misses you. You block the ghost moth's attack.
The jumping spider pounces on you!
You are caught in a web!
The jumping spider bites you but does no damage.
There is a web here.
The web tears apart.
The jumping spider pounces on you! The jumping spider misses you.
The ghost moth stares at you.
You feel your power leaking away. The ghost moth hits you!
* * * LOW HITPOINT WARNING * * *
The ghost moth hits you but does no damage.
You block the ghost moth's attack.
As you read the scroll of teleportation, it crumbles to dust.
You feel strangely unstable. You block the jumping spider's attack.
The jumping spider bites you but does no damage.
The ghost moth stares at you.
You feel your power leaking away. The ghost moth hits you.
* * * LOW HITPOINT WARNING * * *
The ghost moth hits you!
* * * LOW HITPOINT WARNING * * *
You feel clumsy. The ghost moth barely misses you.
The jumping spider pounces on you!
* * * LOW HITPOINT WARNING * * *
You are caught in a web!
The jumping spider bites you but does no damage.
You fade into invisibility!
The ghost moth hits you.
* * * LOW HITPOINT WARNING * * *
The ghost moth hits you.
You die...

.#.......###.# #^..........###...
.#......## #.# #...........##....
.......## #.# ##.........###....
.......#####.## #.......###..?...
..[...##......#####..##.#####....
..........####.#######......##...
.........##(.#....###.#.....##...
........^...###.....##.......#†..
###.#.[....>##..@s..###..........
...##..........y9..## #..........
#####.......###.##.# ##.........
# ####.#### ###### ###...###. ###
##### ##


You could see a ghost moth (invisible), a jumping spider and a friendly
spellforged servitor (summoned).

Vanquished Creatures
  Asterion (Snake:1)
  2 deep elf master archers (Elf:3)
  Gastronok (Lair:1)
  6 nagarajas
  An emperor scorpion (Spider:1)
  2 deep elf sorcerers (Elf:3)
  Aizul (Snake:4)
  3 deep elf elementalists (Elf:3)
  An ironbound preserver (D:13)
  A broodmother (Spider:2)
  3 deep elf demonologists
  4 deep elf annihilators (Elf:3)
  The ghost of Atont the Cleaver, a journeyman DDFi of Okawaru (Lair:4)
  A minotaur (Gauntlet)
  7 deep elf death magi
  5 deep elf high priests (Elf:3)
  Josephine (Lair:5)
  A fire dragon (D:15)
  6 boulder beetles
  3 salamander tyrants
  Fannar (D:11)
  An ice dragon (D:15)
  Harold (D:7)
  7 naga warriors
  6 centaur warriors
  11 anacondas
  A jorogumo (Spider:1)
  4 catoblepae (Lair:6)
  11 hydras
  A death knight (D:11)
  The ghost of Crownlay the Cleaver, a novice MiGl of Gozag (D:8)
  6 two-headed ogres
  2 tengu warriors
  2 dancing weapons
  18 death yaks
  The ghost of Noname the Nimble, a novice DjAE of Gozag (D:7)
  10 naga sharpshooters
  6 orc high priests
  5 shock serpents
  Nergalle (Lair:1)
  10 deep elf knights
  2 pharaoh ants
  2 salamander mystics
  A fire crab (shapeshifter) (D:14)
  15 deep elf archers
  2 lindwurms
  2 naga ritualists
  9 deep elf zephyrmancers
  8 ugly things
  4 orc knights
  5 mana vipers
  24 deep elf pyromancers
  6 orc sorcerers
  3 wolf spiders (Spider:2)
  4 manticores
  6 cyclopes
  A moth of wrath (Lair:4)
  The ghost of wakim the Summoner, a novice FeSu of Gozag (D:9)
  An ice statue (D:12)
  8 salamanders
  19 black mambas
  5 elephants (Lair:6)
  14 guardian serpents
  Maurice (D:9)
  An eye of devastation (shapeshifter) (Elf:1)
  7 naga magi
  3 torpor snails
  13 cane toads
  A gargoyle (D:13)
  A rime drake (Lair:5)
  A kobold demonologist (D:9)
  A demonic crawler (Spider:1)
  A freezing wraith (D:14)
  3 efreet
  An ice devil (Gauntlet)
  11 komodo dragons
  A tengu conjurer (Gauntlet)
  2 polar bears
  9 trolls
  A wind drake (shapeshifter) (D:14)
  6 dream sheep
  18 blink frogs
  A tarantella (Spider:2)
  6 slime creatures
  13 jumping spiders
  4 water elementals
  A hornet (Lair:4)
  4 air elementals
  2 culicivoras
  A centaur simulacrum (D:14)
  86 yaks
  A shadow (D:12)
  A vampire (D:12)
  5 wraiths
  6 basilisks
  A wyvern (Lair:4)
  4 fire elementals
  3 steam dragons
  6 vampire mosquitoes
  4 spriggans (Lair:4)
  3 redbacks (Spider:2)
  A warg (Orc:1)
  20 nagas
  18 water moccasins
  A hell hound (Snake:2)
  30 orc warriors
  A hornet zombie (D:8)
  2 ice beasts (D:7)
  2 sky beasts
  5 black bears
  6 ogres
  11 wolves
  A necrophage (D:6)
  3 centaurs
  20 kobold brigands
  Blork the orc (D:5)
  2 gnoll sergeants
  3 wyvern zombies
  14 bullfrogs
  3 earth elementals
  A scorpion (D:8)
  A hornet simulacrum (D:14)
  9 howler monkeys
  3 electric eels (D:13)
  7 centaur zombies
  4 hounds
  3 jellies
  Crazy Yiuf (D:2)
  2 gnoll shamans
  31 orc priests
  A centaur skeleton (D:5)
  Ijyb (D:3)
  15 hell rats
  5 iguanas
  31 orc wizards
  A statue (D:4)
  A hound skeleton (D:4)
  9 mummies
  3 howler monkey zombies
  12 gnolls
  2 howler monkey skeletons (D:7)
  5 river rats (Lair:5)
  7 adders
  17 white imps
  3 worms
  2 dart slugs
  73 orcs
  3 ball pythons
  A bat zombie (D:13)
  11 endoplasms
  11 giant cockroaches
  A gnoll zombie (Ossuary)
  7 hobgoblins
  25 kobolds
  6 quokkas
  3 bats
  4 frilled lizards
  5 goblins
  4 kobold zombies
  5 orc zombies
  21 rats
  2 rat zombies (D:13)
1036 creatures vanquished.

Vanquished Creatures (collateral kills)
  4 deep elf blademasters (Elf:3)
  Donald (Snake:1)
  5 nagarajas (Snake:4)
  2 deep elf sorcerers (Elf:3)
  Louise (Spider:1)
  A deep elf elementalist (Elf:1)
  A deep elf demonologist (Elf:3)
  Azrael (Snake:2)
  A deep elf annihilator (Elf:3)
  4 deep elf death magi (Elf:3)
  15 naga warriors
  3 deep elf high priests (Elf:3)
  2 boulder beetles
  An ogre mage (D:14)
  9 anacondas
  24 dancing weapons
  A tengu warrior (D:15)
  2 naga sharpshooters (Snake:3)
  5 shock serpents
  A deep elf knight (Elf:3)
  A pharaoh ant (Spider:2)
  2 deep elf archers
  An orb spider (Spider:1)
  5 naga ritualists
  10 deep elf zephyrmancers
  2 wolf spiders
  5 mana vipers
  7 deep elf pyromancers
  A manticore (D:15)
  4 ugly things
  7 salamanders
  2 moths of wrath
  10 naga magi
  5 guardian serpents
  A guardian serpent (shapeshifter) (Elf:3)
  23 black mambas
  3 demonic crawlers
  3 tarantellas (Spider:1)
  An air elemental (Elf:3)
  13 jumping spiders
  4 water elementals
  2 culicivoras (Spider:1)
  5 fire elementals
  11 redbacks
  A vampire mosquito (D:14)
  16 nagas
  2 hell hounds (Snake:2)
  An orc wizard (D:7)
  2 orcs
  A kobold (D:7)
235 creatures vanquished.

Vanquished Creatures (others)
  An air elemental (Elf:2)
  A sky beast (shapeshifter) (Elf:2)
  2 bushes (Lair:1)
  154 fulminant prisms
  86 fungi
  107 plants
351 creatures vanquished.

Grand Total: 1622 creatures vanquished

Notes
Turn   | Place    | Note
-------+----------+-------------------------------------------
     0 | D:1      | Kebab the Deep Elf Conjurer began the quest for the Orb.
     0 | D:1      | Reached XP level 1. HP: 10/10 MP: 6/6
   330 | D:1      | Reached XP level 2. HP: 15/15 MP: 3/9
   452 | D:1      | Learned a level 2 spell: Searing Ray
   768 | D:1      | Found a faded altar of an unknown god.
  1178 | D:2      | Reached skill level 5 in Spellcasting
  1178 | D:2      | Reached XP level 3. HP: 19/19 MP: 3/11
  1316 | D:2      | Learned a level 3 spell: Dazzling Flash
  1789 | D:2      | Reached skill level 5 in Conjurations
  1789 | D:2      | Reached XP level 4. HP: 24/24 MP: 5/13
  1928 | D:2      | Found a runed translucent door.
  1929 | D:2      | Noticed Crazy Yiuf
  2476 | D:3      | Noticed Ijyb
  2485 | D:3      | Killed Ijyb
  2884 | D:3      | Found Uceqosip's Weapon Emporium.
  3266 | D:4      | Reached XP level 5. HP: 28/28 MP: 7/14
  3694 | D:4      | Learned a level 4 spell: Fulminant Prism
  3699 | D:4      | Learned a level 4 spell: Iskenderun's Mystic Blast
  3769 | D:4      | Reached skill level 1 in Hexes
  3769 | D:4      | Reached XP level 6. HP: 32/32 MP: 8/15
  3874 | D:4      | Found a white marble altar of Elyvilon.
  4158 | D:4      | Found a radiant altar of Vehumet.
  4199 | D:4      | Became a worshipper of Vehumet
  4491 | D:5      | Entered Level 5 of the Dungeon
  4598 | D:5      | Reached skill level 5 in Hexes
  4658 | D:5      | Found a sand-covered staircase.
  4662 | D:5      | Reached skill level 1 in Translocations
  4665 | Ossuary  | Entered an ossuary
  4842 | Ossuary  | Reached XP level 7. HP: 36/36 MP: 10/16
  5352 | D:5      | Noticed Blork the orc
  5360 | D:5      | Killed Blork the orc
  5750 | D:5      | Learned a level 2 spell: Call Imp
  6165 | D:6      | Found Zin's Purification Station.
  6169 | D:6      | Found a glowing silver altar of Zin.
  6173 | D:6      | Bought a potion of curing for 90 gold pieces
  6415 | D:6      | Reached XP level 8. HP: 41/41 MP: 11/17
  6416 | D:6      | Reached * piety under Vehumet
  6416 | D:6      | Offered knowledge of Sandblast by Vehumet.
  7440 | D:6      | Reached skill level 10 in Conjurations
  8174 | D:7      | Found a runed translucent gate.
  8406 | D:7      | Found a runed translucent gate.
  8406 | D:7      | Found a runed translucent gate.
  8407 | D:7      | Found Leicasol's Antique Armour Shop.
  8410 | D:7      | Noticed Noname's ghost (novice DjAE)
  8501 | D:7      | Reached XP level 9. HP: 45/45 MP: 9/18
  8994 | D:7      | Offered knowledge of Scorch by Vehumet.
  8995 | D:7      | Reached ** piety under Vehumet
  9136 | D:7      | Noticed Harold
  9260 | D:7      | Noticed a moth of wrath
  9263 | D:7      | Found a bloodstained altar of Trog.
  9372 | D:7      | Killed Harold
  9481 | D:7      | Found a staircase to the Ecumenical Temple.
  9679 | D:8      | Found a broken altar of Ashenzari.
 10000 | D:8      | Found a runed translucent gate.
 10000 | D:8      | Found a runed translucent gate.
 10577 | D:8      | Reached XP level 10. HP: 50/50 MP: 10/19
 10646 | D:8      | Found a staircase to the Lair.
 10861 | D:8      | Found a snail-covered altar of Cheibriados.
 11226 | D:8      | Found a runed translucent gate.
 11226 | D:8      | Noticed Crownlay's ghost (novice MiGl)
 11473 | D:9      | Found a sacrificial altar of Ru.
 11475 | D:9      | Offered knowledge of Inner Flame by Vehumet.
 11743 | D:9      | Reached *** piety under Vehumet
 11744 | D:9      | Reached skill level 5 in Translocations
 12405 | D:9      | Found a blossoming altar of Fedhas.
 12418 | D:9      | Found Zuucsiec's Magic Scroll Shoppe.
 12424 | D:9      | Bought a scroll of identify for 28 gold pieces
 12424 | D:9      | Bought a scroll of teleportation for 42 gold pieces
 12424 | D:9      | Bought a scroll of teleportation for 42 gold pieces
 12424 | D:9      | Bought a scroll of identify for 28 gold pieces
 12426 | D:9      | Bought 3 scrolls of fog for 84 gold pieces
 12426 | D:9      | Bought a scroll of enchant weapon for 105 gold pieces
 12492 | D:9      | Found a runed translucent gate.
 12492 | D:9      | Found a runed translucent gate.
 12492 | D:9      | Found a runed translucent gate.
 12492 | D:9      | Noticed wakim's ghost (novice FeSu)
 12494 | D:9      | Found a basalt altar of Yredelemnul.
 12494 | D:9      | Noticed a two-headed ogre
 12516 | D:9      | Killed a two-headed ogre
 12517 | D:9      | Reached skill level 1 in Shields
 12727 | D:9      | Offered knowledge of Sticky Flame by Vehumet.
 12759 | D:9      | Noticed Maurice
 12780 | D:9      | Killed Maurice
 12781 | D:9      | Reached skill level 5 in Stealth
 13100 | D:9      | Found a staircase to the Orcish Mines.
 13128 | D:9      | Noticed a boulder beetle
 13228 | D:10     | Entered Level 10 of the Dungeon
 13298 | D:10     | Reached XP level 11. HP: 54/54 MP: 8/20
 13424 | D:10     | Found a flagged portal.
 13433 | Bailey   | Entered a bailey
 13455 | Bailey   | Reached **** piety under Vehumet
 13471 | Bailey   | Offered knowledge of Olgreb's Toxic Radiance by Vehumet.
 13660 | Bailey   | Noticed an orc knight
 13671 | Bailey   | Killed an orc knight
 13724 | Bailey   | Found a bloodstained altar of Trog.
 13777 | D:10     | Noticed a two-headed ogre
 13799 | D:10     | Killed a two-headed ogre
 13913 | D:10     | Reached skill level 5 in Dodging
 14397 | D:10     | Found Loeceg's Distillery.
 14400 | D:10     | Bought a potion of mutation for 104 gold pieces
 14400 | D:10     | Bought a potion of brilliance for 52 gold pieces
 14400 | D:10     | Bought a potion of haste for 130 gold pieces
 14500 | D:10     | Learned a level 3 spell: Mephitic Cloud
 14570 | D:10     | Reached skill level 1 in Earth Magic
 14686 | D:10     | Found a shimmering blue altar of Sif Muna.
 14720 | D:10     | Found a glowing golden altar of the Shining One.
 14956 | D:11     | Noticed a death knight
 14974 | D:11     | Noticed a boulder beetle
 15035 | D:11     | Reached skill level 2 in Earth Magic
 15359 | D:11     | Reached skill level 3 in Earth Magic
 15550 | D:11     | Killed a death knight
 15710 | D:11     | Noticed Fannar
 15806 | Lair:1   | Entered Level 1 of the Lair of Beasts
 15855 | D:8      | Reached skill level 1 in Evocations
 16060 | Lair:1   | Noticed Gastronok
 16286 | Lair:1   | Reached skill level 5 in Evocations
 16390 | Lair:1   | Noticed Nergalle
 16408 | Lair:1   | Reached XP level 12. HP: 45/59 MP: 11/22
 16414 | Lair:1   | Reached skill level 15 in Conjurations
 16421 | Lair:1   | Killed Nergalle
 16596 | Lair:1   | Noticed a death yak
 16597 | Lair:1   | Noticed a death yak
 16601 | Lair:1   | Noticed a death yak
 16608 | Lair:1   | Killed a death yak
 16608 | Lair:1   | Reached ***** piety under Vehumet
 16749 | Lair:1   | Noticed a death yak
 16750 | Lair:1   | Noticed a death yak
 16751 | Lair:1   | Noticed a death yak
 16879 | D:8      | Offered knowledge of Eringya's Noxious Bog by Vehumet.
 16884 | D:8      | Learned a level 2 spell: Blink
 16986 | Lair:1   | Killed a death yak
 17024 | Lair:1   | Killed a death yak
 17072 | Lair:1   | Killed a death yak
 17072 | Lair:1   | Killed a death yak
 17075 | Lair:1   | Killed a death yak
 17144 | Lair:1   | Learned a level 6 spell: Iron Shot
 17200 | Lair:1   | Reached skill level 10 in Spellcasting
 17304 | Lair:1   | Learned a level 4 spell: Passage of Golubria
 17651 | Lair:2   | Noticed a boulder beetle
 17680 | Lair:2   | Reached skill level 4 in Earth Magic
 18081 | Lair:1   | Reached skill level 5 in Earth Magic
 18082 | Lair:1   | Reached skill level 6 in Earth Magic
 18435 | Lair:2   | Killed a boulder beetle
 18436 | Lair:2   | Reached skill level 7 in Earth Magic
 18976 | Lair:2   | Reached skill level 8 in Earth Magic
 18977 | Lair:2   | Reached XP level 13. HP: 63/63 MP: 16/29
 19324 | Lair:2   | Found a hole to the Spider Nest.
 19558 | Lair:2   | Reached skill level 9 in Earth Magic
 20513 | Lair:4   | Reached skill level 10 in Earth Magic
 20653 | Lair:4   | Found a transporter.
 20658 | Lair:4   | Found a bloodstained altar of Trog.
 20699 | Lair:4   | Found a transporter.
 20711 | Lair:4   | Noticed Atont's ghost (journeyman DDFi)
 20821 | Lair:4   | Found a staircase to the Snake Pit.
 21287 | Lair:4   | Reached skill level 11 in Earth Magic
 22023 | Lair:5   | Noticed Josephine
 22026 | Lair:5   | Offered knowledge of Conjure Ball Lightning by Vehumet.
 22707 | Lair:5   | Killed Josephine
 22708 | Lair:5   | Reached skill level 10 in Dodging
 22902 | Lair:5   | Reached skill level 1 in Fighting
 23355 | Lair:5   | Found a viscous altar of Jiyva.
 23356 | Lair:5   | Found a staircase to the Slime Pits.
 23916 | Lair:6   | Entered Level 6 of the Lair of Beasts
 24607 | Lair:6   | Reached skill level 5 in Fighting
 24614 | Lair:6   | Reached XP level 14. HP: 68/78 MP: 9/30
 24616 | Lair:6   | Offered knowledge of Freezing Cloud by Vehumet.
 25133 | Lair:6   | Learned a level 5 spell: Freezing Cloud
 25244 | Lair:6   | Reached skill level 1 in Ice Magic
 25886 | Lair:6   | Reached skill level 5 in Ice Magic
 26490 | Lair:6   | Reached skill level 1 in Air Magic
 27485 | Lair:6   | Identified the +6 hunting sling of Extremely Toothy Guile
                  | {venom, rElec SInv Stlth-}
 27833 | Orc:1    | Entered Level 1 of the Orcish Mines
 27833 | Orc:1    | Found a radiant altar of Vehumet.
 28041 | Orc:2    | Entered Level 2 of the Orcish Mines
 28112 | Orc:2    | Found a staircase to the Elven Halls.
 29034 | Orc:2    | Offered knowledge of Yara's Violent Unravelling by Vehumet.
 29751 | Orc:2    | Found Faafeful's Antique Armour Emporium.
 29751 | Orc:2    | Found Vybiojiv's Armour Shoppe.
 29752 | Orc:2    | Found Ytoilleng's General Store.
 29756 | Orc:2    | Found Feloeli's Book Emporium.
 29760 | Orc:2    | Bought a book of Power for 714 gold pieces
 29766 | Orc:2    | Learned a level 5 spell: Yara's Violent Unravelling
 29785 | Orc:2    | Bought a scroll of teleportation for 39 gold pieces
 29786 | Orc:2    | Bought a +0 helmet of see invisible for 126 gold pieces
 30469 | Orc:1    | Found Tilauha's Self-Improvement Boutique.
 30864 | Orc:1    | Reached XP level 15. HP: 85/85 MP: 5/33
 31509 | D:9      | Killed wakim's ghost
 31689 | D:2      | Killed Crazy Yiuf
 31932 | D:7      | Killed Noname's ghost
 32044 | D:8      | Killed Crownlay's ghost
 32044 | D:8      | Offered knowledge of Lee's Rapid Deconstruction by Vehumet.
 32397 | D:11     | Killed Fannar
 32405 | D:11     | Learned a level 5 spell: Lee's Rapid Deconstruction
 32885 | Lair:1   | Killed Gastronok
 33097 | Lair:4   | Killed Atont's ghost
 33567 | D:12     | Found a gate leading to a gauntlet.
 33573 | Gauntlet | Entered a Gauntlet
 33573 | Gauntlet | Found a runed translucent door.
 33573 | Gauntlet | Found a transporter.
 33573 | Gauntlet | Found a runed translucent door.
 33573 | Gauntlet | Found a transporter.
 33591 | Gauntlet | Found a transporter.
 33594 | Gauntlet | Found a transporter.
 33602 | Gauntlet | Found a transporter.
 33605 | Gauntlet | Found a transporter.
 33613 | Gauntlet | Found a transporter.
 33631 | Gauntlet | Found a transporter.
 33648 | Gauntlet | Found a transporter.
 33651 | Gauntlet | Found a transporter.
 33661 | Gauntlet | Found a transporter.
 33664 | Gauntlet | Found a transporter.
 33982 | Gauntlet | Identified the +0 helmet "Qujeohyl" {rElec rCorr Int+3}
 34083 | Gauntlet | Identified the +8 quarterstaff of Valiance {vorpal, Int+4}
 34173 | D:12     | Found Imeci's Distillery.
 34176 | D:12     | Bought a potion of haste for 160 gold pieces
 34176 | D:12     | Bought 2 potions of lignification for 96 gold pieces
 34176 | D:12     | Bought a potion of curing for 48 gold pieces
 34310 | D:12     | Reached skill level 15 in Spellcasting
 35228 | D:13     | Learned a level 7 spell: Spellforged Servitor
 35241 | D:13     | Found a gate to the Vaults.
 35505 | D:13     | Reached skill level 5 in Summonings
 36013 | D:13     | Found an ancient bone altar of Kikubaaqudgha.
 36296 | D:14     | Offered knowledge of Orb of Destruction by Vehumet.
 36396 | D:14     | You fall into a shaft and drop 1 floor!
 36396 | D:15     | Entered Level 15 of the Dungeon
 38225 | D:14     | Found Pujotopt's Fire Supplies.
 38232 | D:14     | Bought a +1 pair of boots of fire resistance for 247 gold
                  | pieces
 38472 | D:14     | Reached XP level 16. HP: 90/90 MP: 24/37
 39616 | D:15     | Found a sparkling altar of Nemelex Xobeh.
 39742 | D:15     | Found a staircase to the Depths.
 40152 | Elf:1    | Entered Level 1 of the Elven Halls
 40819 | Elf:1    | Found Roanu's Assorted Antiques.
 41202 | Elf:1    | Bought a potion of heal wounds for 150 gold pieces
 41202 | Elf:1    | Bought a scroll of blinking for 225 gold pieces
 41202 | Elf:1    | Bought a scroll of teleportation for 90 gold pieces
 41214 | Elf:1    | Found Fouhuts's Jewellery Emporium.
 41214 | Elf:1    | Found Ymiaruxt's Armour Shoppe.
 41295 | Elf:1    | Found Luag's Antique Armour Shoppe.
 41297 | Elf:1    | Found Ximnamal's Weapon Emporium.
 41302 | Elf:1    | Bought a ring of see invisible for 255 gold pieces
 41521 | Elf:1    | Offered knowledge of Ozocubu's Refrigeration by Vehumet.
 41663 | Elf:1    | Got the Disquisition on Summoning
 42001 | Elf:1    | Paralysed by an air elemental for 1 turns
 43167 | Elf:2    | Found a runed translucent gate.
 43168 | Elf:2    | Found a runed translucent gate.
 43168 | Elf:2    | Found a runed translucent gate.
 43498 | Elf:2    | Reached XP level 17. HP: 100/100 MP: 17/38
 44463 | Elf:3    | Entered Level 3 of the Elven Halls
 44528 | Elf:3    | Reached skill level 12 in Earth Magic
 44820 | Elf:3    | Found Tizi's Armour Emporium.
 44952 | Elf:3    | Noticed a deep elf blademaster
 44956 | Elf:3    | Killed a deep elf blademaster
 45193 | Elf:3    | Reached skill level 13 in Earth Magic
 45343 | Elf:3    | Noticed a deep elf master archer
 45347 | Elf:3    | Killed a deep elf master archer
 45413 | Elf:3    | Noticed a deep elf blademaster
 45416 | Elf:3    | Killed a deep elf blademaster
 45417 | Elf:3    | Reached skill level 14 in Earth Magic
 45693 | Elf:3    | Reached skill level 15 in Earth Magic
 46253 | Elf:3    | Noticed a deep elf blademaster
 46253 | Elf:3    | Noticed a deep elf blademaster
 46260 | Elf:3    | Killed a deep elf blademaster
 46336 | Elf:3    | Killed a deep elf blademaster
 46355 | Elf:3    | Identified the amulet "Cengampa" {Faith rC+}
 46358 | Elf:3    | Noticed a Tzitzimitl
 46611 | Elf:3    | Identified the ring of Secrets {Str+4 Int-4 Slay+3 SInv}
 46611 | Elf:3    | Noticed a deep elf master archer
 46951 | Elf:3    | Identified the amulet of a Thousand Geomancers {RegenMP
                  | rCorr Dex-3 SInv}
 47058 | Elf:3    | Killed a deep elf master archer
 47059 | Elf:3    | Reached skill level 16 in Earth Magic
 47402 | Elf:3    | Identified the +3 great sword "Ylaerchuh" {vamp, rPois
                  | Str+5}
 47582 | Elf:3    | Identified the +7 mace of Stickiness {freeze, Str+6 Int+3}
 47743 | Elf:3    | Got Kausitt's Guide on Battle Magic
 47759 | Elf:3    | Identified the +1 scale mail "Nawadom" {Will+}
 47762 | Elf:3    | Identified the +7 dagger "Lifebane" {spect, rPois Int+7
                  | Dex-5}
 47898 | Elf:3    | Identified the +6 dagger "Xuheceo" {freeze, rF++ rN+ Str+2}
 48082 | D:9      | Bought a scroll of amnesia for 49 gold pieces
 48194 | Snake:1  | Entered Level 1 of the Snake Pit
 48221 | Snake:1  | Reached ****** piety under Vehumet
 48230 | Snake:1  | Learned a level 7 spell: Ozocubu's Refrigeration
 48577 | Snake:1  | Reached XP level 18. HP: 105/105 MP: 35/40
 48784 | Snake:1  | Noticed Donald
 48790 | Snake:1  | Killed Donald
 49250 | Snake:1  | Noticed Asterion
 49268 | Snake:1  | Killed Asterion
 49609 | Snake:1  | Reached skill level 10 in Ice Magic
 49756 | Snake:2  | Noticed Azrael
 50096 | Snake:2  | Killed Azrael
 50215 | Snake:2  | Found a white marble altar of Elyvilon.
 50232 | Snake:2  | Offered knowledge of Shatter by Vehumet.
 50232 | Snake:2  | Offered knowledge of Chain Lightning by Vehumet.
 50232 | Snake:2  | Offered knowledge of Ignition by Vehumet.
 52498 | Snake:3  | Found Vamovveh's Jewellery Boutique.
 52507 | Snake:3  | Bought the ring "Asod" {rF+ Will++ Int+4 Dex+6} for 1250
                  | gold pieces
 54008 | Snake:3  | Learned a level 9 spell: Shatter
 54117 | Snake:4  | Entered Level 4 of the Snake Pit
 54227 | Snake:4  | Found a burning altar of Makhleb.
 54586 | Snake:4  | Reached skill level 17 in Earth Magic
 54802 | Snake:4  | Noticed Aizul
 54806 | Snake:4  | Killed Aizul
 54807 | Snake:4  | Reached XP level 19. HP: 79/110 MP: 8/43
 55674 | Snake:4  | Reached skill level 18 in Earth Magic
 56251 | Snake:4  | Reached skill level 19 in Earth Magic
 56618 | Snake:4  | Got a serpentine rune of Zot
 56774 | Spider:1 | Entered Level 1 of the Spider Nest
 57039 | Spider:1 | Noticed Louise
 57044 | Spider:1 | Killed Louise
 58398 | Spider:2 | Reached skill level 20 in Earth Magic
 58504 | Spider:1 | HP: 3/110 [ghost moth (6)]
 58504 | Spider:1 | Slain by a ghost moth

Illustrated notes

Levels and vault maps discovered:
D:1:      ncdulo_halloftheorcs, layout_basic,
          hellmonk_ecumenical_altar_prayer_group, minmay_worlds_worst_comb
D:2:      layout_basic, minmay_heptomino_o4, uniq_crazy_yiuf_cottage
D:3:      layout_basic, serial_shops, nicolae_shop_hallway_plus, uniq_ijyb
D:4:      layout_gridville, elyvilon_altar_5, vehumet_statue
D:5:      layout_loops_ring, nicolae_ossuary_entry_giza, grunt_ministairs_6,
          uniq_blork_the_orc
D:6:      layout_basic, zin_purify
D:7:      layout_cave_pools, tgw_trog, minmay_temple_entry_junction,
          serial_shops, nicolae_shop_hallway_plus,
          gammafunk_ghost_nasty_kobolds, hangedman_decor_riveting, uniq_harold
D:8:      layout_cave_pools, mainiacjoe_overflow_small_starburst,
          cheibrodos_worm_habitat, due_lair_maze_entry_diamond,
          ebering_ghost_rock_garden
D:9:      layout_basic, fedhas_altar_2, nicolae_ru_great_annihilating_truth,
          nicolae_yredelemnul_ghost_church, david_orc_2, serial_shops,
          kennysheep_little_box, uniq_maurice
D:10:     layout_rooms, mainiacjoe_overflow_alcove_4,
          mainiacjoe_overflow_alcove_2, enter_bailey_2, serial_shops, shop,
          hangedman_abyss_or_decor_stabs
D:11:     layout_roguey, uniq_fannar
D:12:     layout_cave_pools, gauntlet_entry_generic, serial_shops,
          nicolae_shop_behind_doors, palyth_stone_intersect, minivault_16
D:13:     layout_irregular_city, skrybe_vaults_entry_preservation, serial_bayou,
          serial_bayou_pond_b, serial_bayou_crossing, serial_bayou_pond_e,
          serial_bayou_pond_d, minmay_misc_feat_square,
          lemuel_zombie_altar_kikubaaqudgha
D:14:     layout_basic, infiniplex_staircase_zigzag_5, nicolae_shop_fire_sale
          [nicolae_sub_dead_trees], minivault_28
D:15:     grunt_enter_depths_hoard, layout_rooms, nemelex_diamond_rough_becter
Lair:1:   layout_chaotic_city, uniq_gastronok, uniq_nergalle
Lair:2:   layout_loops_ring, spider_nest_entry_a, minmay_holes,
          grunt_megastairs_2
Lair:3:   layout_misc_corridors
Lair:4:   layout_cave_pods, guppyfry_snake_entry_garden,
          gammafunk_ghost_wrathful_warriors
Lair:5:   layout_layer_cave, slime_altar_1, portal_ice_cave_entry_imps,
          kennysheep_abandoned_house, uniq_josephine
Lair:6:   evilmike_catoblepas_cave, layout_cave_shapes,
          nicolae_volcano_entry_hallway, grunt_megastairs_3,
          infiniplex_staircase_pool
Snake:1:  nicolae_snake_unarmed_stairs_patrol, layout_misc_corridors,
          uniq_donald, uniq_asterion
Snake:2:  layout_cave_shapes, basic_altar, nicolae_snake_scaly_snakehead,
          uniq_azrael
Snake:3:  layout_layer_cave, nicolae_snake_gridmaze_big_u,
          minmay_shop_enchanted_jewellery
Snake:4:  grunt_snake_rune_serpentine_throne, layout_cave_town, basic_altar,
          nicolae_snake_serpentine_hallways, uniq_aizul
Spider:1: layout_chambers, hangedman_spider_tarantella_strand, uniq_louise
Spider:2: layout_spider_delve, nicolae_spider_undead_wolf_pack, uniq_kirke
Orc:1:    layout_caves, basic_altar, abandoned_shop, nicolae_shop_self_help
Orc:2:    st_orc_mages, layout_caves, nicolae_orc_pool_cavern
Elf:1:    eino_elf_arrival_the_gate, layout_rooms, serial_shops,
          nicolae_shop_waterfront, minmay_elf_demonology,
          amcnicky_mini_pool_small, nicolae_elf_big_sculpture_2, st_stairs_4,
          onia_ninara_cookie, minmay_shoptagon
Elf:2:    nicolae_elf_blades_crystal_corner, layout_geoelf_octagon,
          st_stairs_11, minmay_crystal_room
Elf:3:    minmay_elf_hall_circle, layout_gridlike, serial_shops,
          nicolae_shop_hallway_stairs

Skill      XL: |  1  2  3  4  5  6  7  8  9 10 11 12 13 14 15 16 17 18 19 |
---------------+----------------------------------------------------------+-----
Spellcasting   | 4 5 10 12 15 16 18 | 18.4
Conjurations   | 5 6 7 8 11 14 15 17 18 19 | 19.3
Hexes          | 1 5 7 |  7.0
Translocations | 1 3 5 |  5.5
Summonings     | 3 5 |  5.0
Stealth        | 6 7 |  7.1
Shields        | 3 4 |  4.0
Dodging        | 8 10 14 | 14.1
Earth Magic    | 3 8 11 16 17 20 | 20.2
Evocations     | 5 6 |  6.1
Fighting       | 5 6 9 |  9.0
Ice Magic      | 9 12 | 12.0
Air Magic      | 3 |  3.0

Action                   |  1- 3 |  4- 6 |  7- 9 | 10-12 | 13-15 | 16-18 | 19-21 || total
-------------------------+-------+-------+-------+-------+-------+-------+-------++-------
Melee: Short sword       |       |     4 |       |     2 |    17 |       |       ||    23
       Staff             |       |       |       |       |    14 |    34 |     4 ||    52
 Cast: Magic Dart        |    91 |   104 |   172 |   115 |    43 |     1 |       ||   526
       Searing Ray       |       |    14 |    51 |    63 |     8 |       |       ||   136
       Call Imp          |       |       |     6 |     9 |       |     1 |       ||    16
       Dazzling Flash    |       |       |     5 |       |       |       |       ||     5
       Fulminant Prism   |       |       |    15 |    98 |    41 |       |       ||   154
       Iskenderun's Myst |       |       |     4 |    25 |     8 |     5 |       ||    42
       Iron Shot         |       |       |       |    30 |   261 |    80 |    16 ||   387
       Freezing Cloud    |       |       |       |       |   176 |   147 |    26 ||   349
       Lee's Rapid Decon |       |       |       |       |    19 |    98 |     1 ||   118
       Spellforged Servi |       |       |       |       |    11 |   115 |    32 ||   158
       Blink             |       |       |       |       |       |     2 |       ||     2
       Ozocubu's Refrige |       |       |       |       |       |     1 |    13 ||    14
       Shatter           |       |       |       |       |       |       |    11 ||    11
Evoke: Wand              |       |       |       |     2 |     1 |       |       ||     3
       Phantom mirror    |       |       |       |       |     1 |       |       ||     1
  Use: Scroll            |     3 |     8 |     4 |    10 |    24 |    16 |     1 ||    66
       Potion            |       |       |       |     5 |       |     4 |     2 ||    11
 Stab: Distracted        |       |       |       |       |       |       |     2 ||     2
Armor: Robe              |     1 |       |       |       |       |    28 |    18 ||    47
       Leather armour    |       |     5 |    32 |    63 |    47 |       |       ||   147
Dodge: Dodged            |     6 |    10 |    35 |   105 |    83 |    88 |    54 ||   381
Block: Other             |       |     1 |    12 |     5 |       |       |       ||    18
       Reflection        |       |       |     2 |     6 |     5 |    34 |     5 ||    52
       Orb               |       |       |     2 |       |       |       |       ||     2
       Buckler           |       |       |       |    77 |    51 |    84 |    24 ||   236

Table legend: (Time is in decaauts)
 A = Elapsed time spent in this place.
 B = Non-inter-level travel time spent in this place.
 C = Inter-level travel time spent in this place.
 D = Time resting spent in this place.
 E = Time spent auto-exploring this place.
 F = Levels seen in this place.
 G = Mean time per level.
                   A        B        C        D        E       F      G
               +--------+--------+--------+--------+--------+-----+--------+
         Total |  58625 |  55342 |   3283 |  26400 |  20701 |  35 | 1675.0 |
       Dungeon |  22833 |  21201 |   1632 |   9540 |   8638 |  15 | 1522.2 |
          Lair |  12465 |  11558 |    907 |   5546 |   4038 |   6 | 2077.5 |
     Snake Pit |   8517 |   8247 |    270 |   3608 |   3452 |   4 | 2129.2 |
   Spider Nest |   1731 |   1686 |     45 |    422 |   1015 |   2 |  865.5 |
  Orcish Mines |   3592 |   3428 |    164 |   1937 |   1049 |   2 | 1796.0 |
   Elven Halls |   7871 |   7609 |    262 |   4566 |   2079 |   3 | 2623.7 |
       Ossuary |    664 |    664 |      0 |    383 |    146 |   1 |  664.0 |
        Bailey |    364 |    364 |      0 |    164 |     64 |   1 |  364.0 |
      Gauntlet |    585 |    585 |      0 |    232 |    219 |   1 |  585.0 |
               +--------+--------+--------+--------+--------+-----+--------+

Top non-repeatable levels by time:
   Elf:3: 3495 daAuts
  Lair:5: 3131 daAuts
   Elf:1: 2997 daAuts
  Lair:6: 2952 daAuts
   Orc:2: 2663 daAuts
     D:9: 2606 daAuts
 Snake:4: 2577 daAuts
  Lair:1: 2473 daAuts
 Snake:3: 2199 daAuts
    D:14: 2012 daAuts
 Snake:2: 1942 daAuts
     D:8: 1916 daAuts
     D:7: 1803 daAuts
 Snake:1: 1797 daAuts
Spider:1: 1653 daAuts
